woodfighter, lawful female dwarven Priestess ------------ |..........| |.......<..|# |..........|# --.--+------# ########### ####### # # -@- # # # # .'..` ### # # .`.....| -|------- # # -----...| |.......| # # |...| |)......| ### # |`..| |.......| # # |!..| |........############# -...+ |.......| ...| --------- ..`| ----- woodfighter the Adept Experience level: 6 Strength: 13 Dexterity: 12 Constitution: 14 Intelligence: 17 Wisdom: 12 Charisma: 13 Health: 0(46) Energy: 52(52) Def: 12 Gold: 608 Moves: 3898 Dungeon seed: hXprwx5HtCbuv_ww Game ID: woodfighter_1554570243 Your Inventory: Coins $ - 608 gold pieces Amulets j - an amulet versus poison (being worn) Weapons a - a blessed +1 mace (weapon in hand) Armor e - a blessed +0 robe (being worn) n - a +0 small shield r - a +0 dwarvish mithril-coat (being worn) y - a +0 orcish helm (being worn) K - a +0 mummy wrapping P - a cursed -1 pair of fumble boots R - a blessed +0 elven shield (being worn) Y - a +0 pair of low boots (being worn) Comestibles c - a clove of garlic d - 2 sprigs of wolfsbane k - 3 food rations o - a cram ration A - 2 eggs Scrolls s - a scroll of destroy armor v - a scroll of identify F - 2 scrolls of scare monster J - a scroll of blank paper M - a scroll of create monster Spellbooks g - a spellbook of cure blindness h - a spellbook of create monster i - a spellbook of protection Potions b - 4 potions of holy water l - a cursed potion of hallucination m - a potion of sickness u - a blessed potion of healing C - a potion of levitation D - a potion of confusion I - a potion of oil Q - a potion of paralysis Wands f - a wand of cancellation (0:1) p - a wand of create monster (0:10) t - a wand of enlightenment (0:14) x - a wand of enlightenment (0:14) O - a wand of cold (0:2) Tools w - a magic marker (0:65) Gems q - a worthless piece of violet glass z - a worthless piece of green glass N - a worthless piece of black glass Spells and supernatural/magical abilities: Name Level Category Fail Memory p - protection 1 clerical 100% 81% B - cure blindness 2 healing 100% 81% O - create monster 2 clerical 100% 81% W - pray for help -- divine ? -- X - turn undead -- divine ? -- Your skills at the end: Miscellaneous Skills shield [Basic] wands [Basic] Weapon Skills pick-axe [Basic] mace [Basic] Spellcasting Skills clerical spells [Basic] Final Attributes: You were devoutly aligned. You were poison resistant. Your writing hand was ok. You had infravision. You are dead. Vanquished creatures: a gnome mummy a Woodland-elf a rock piercer a pony a gray ooze 4 elf zombies 3 giant ants a kitten a homunculus 3 rothes a rabid rat a jitterbug a wererat 3 killer bees a gas spore 4 geckos a hobgoblin a giant rat 7 manes 5 jackals 2 kobolds 6 newts 3 goblins 10 sewer rats 10 grid bugs 3 bats 6 lichens 3 kobold zombies 85 creatures vanquished. Voluntary challenges: You did not cause conflict. You were not invisible. You did not have reflection. You were not displaced. You were an atheist. You used a wielded weapon 108 times, starting on turn 147. You did not use tools. You did not use plumbed fixtures. You did not drink any magical draughts. You were illiterate. You never genocided any monsters. You never polymorphed an object. You never changed form. You used no wishes. You never split a pudding. You never wrote Elbereth's name. You never violated your personal moral code. Dungeon overview: The Dungeons of Doom: levels 1 to 7 Level 1 an altar to Loki, a fountain a long staircase Level 2 (water) Level 3 (water + box) Level 4 a fountain, a sink stairs to The Gnomish Mines Level 5 (water) some fountains Level 6 Level 7 <- You were here The Gnomish Mines: Level 5 stairs to The Dungeons of Doom History has recorded: On T:1 you entered the Dungeons of Doom to retrieve the Amulet of Yendor! On T:184 you reached level 2 of The Dungeons of Doom. On T:714 you reached level 3 of The Dungeons of Doom. On T:720 you advanced to experience level 2. On T:1200 you advanced to experience level 3. On T:1588 you reached level 4 of The Dungeons of Doom. On T:1600 you advanced to experience level 4. On T:1820 you reached level 5 of The Dungeons of Doom. On T:1923 you reached level 1 of The Gnomish Mines. On T:2633 you reached level 6 of The Dungeons of Doom. On T:2736 you advanced to experience level 5. On T:2915 you reached level 7 of The Dungeons of Doom. On T:3870 you advanced to experience level 6. Score breakdown: Gold: 608 ( 60 points) Experience: 6 levels ( 500 points) Exploration: 7 levels ( 180 points) Discoveries: 22 items ( 1100 points) Variety of kills: 28 monsters ( 1400 points) Major goal: (nothing yet) ( 0 points) Survival: died (score multiplied by 3) Total score: 9720 Latest messages: The killer bee just misses! The killer bee misses. You miss the killer bee. The killer bee misses. The killer bee stings! You kill the killer bee! The killer bee misses. (2x) You kill the killer bee! There is a doorway here. You see here 2 killer bee corpses. It doesn't seem as poisonous as you thought... This killer bee corpse tastes terrible! You stop eating. You hit the gold golem. The gold golem claws you! (2x) You hit the gold golem! The gold golem claws you! (2x) You hit the gold golem. The gold golem claws you! The gold golem misses. You hit the gold golem. The gold golem claws you! (2x) You hit the gold golem. The gold golem just misses! The gold golem claws you! (3x) You die... Final status: Goodbye woodfighter the Priestess, killed by a gold golem... You died in The Dungeons of Doom on dungeon level 7 with 9720 points, and 608 pieces of gold, after 3898 moves. You were level 6 with a maximum of 46 hit points when you died.